cohdb
Replays
Latest Replays
All Replays
Popular Replays
Top Player Replays
Match Explorer
How It Works
Community
CoH3 Stats
Reddit
Sign in to upload your games and track your stats! →
Sign in with Steam
1vs1 taranto ukf vs dak
Match 29381492
Overview
Messages
Build Orders
End
Royal Engineer Section
Construct Section Command Post
Infantry Section
Infantry Section
Infantry Section
Construct Platoon Command Post
Unlock M3 Stuart Light Tanks
M3 Stuart Light Tank
Construct Field Infirmary
Selects Indian Artillery Battlegroup
Selects Valour
Selects Gurkha Rifles Section
Gurkha Rifles Section
Construct Company Command Post
Matilda II Heavy Tank
Selects Volunteer Infantry
Infantry Training
Foot Guards Section
Matilda II Heavy Tank
Selects Artillery Saturation
Armored Vehicle Training
Selects Off-map Airburst Barrage
Off-map Airburst Barrage
water
aceSallisaM
0
0
Comments
sign in to comment!
No comments posted yet!